 Dungeon Crawl Stone Soup version 0.29.1-2-gbd0b4ee654 (webtiles) character file.

Game seed: 6563362398399076472

17 zeram the Sneak (level 2, -1/13 HPs)
             Began as a Spriggan Enchanter on Nov 7, 2022.
             Killed from afar by a dart slug (5 damage)
             ... with a slug dart
             ... on level 1 of the Dungeon.
             The game lasted 00:00:33 (245 turns).

zeram the Sneak (Spriggan Enchanter)                 Turns: 245, Time: 00:00:33

Health: -1/13      AC:  2    Str:  4    XL:     2   Next: 44%
Magic:  6/6        EV: 17    Int: 16    God:
Gold:   17         SH:  0    Dex: 15    Spells: 6/6 levels left

rFire   . . .      SeeInvis +   a - +1 dagger
rCold   . . .      Faith    .   (no shield)
rNeg    . . .      Spirit   .   b - +0 robe
rPois   .          Reflect  .   (helmet restricted)
rElec   .          Harm     .   (no cloak)
rCorr   .          Rampage  .   (gloves unavailable)
Will    .....                   (boots unavailable)
Stlth   +++.......              (no amulet)
HPRegen 0.04/turn               (no ring)
MPRegen 0.10/turn               (no ring)

@: very quick
A: very small, no large weapons, unfitting armour, see invisible, speed 3
a: no special abilities


You were on level 1 of the Dungeon.
You visited 1 branch of the dungeon, and saw 1 of its levels.

You collected 17 gold pieces.

Inventory:

Hand Weapons
 a - a +1 dagger (weapon)
Armour
 b - a +0 robe (worn)
Scrolls
 d - a scroll of identify {unknown}
 g - a scroll of fear {unknown}
Potions
 c - 2 potions of invisibility
 e - a potion of might {unknown}
 f - a potion of lignification {unknown}


   Skills:
 + Level 1.4 Short Blades
 + Level 2.8 Dodging
 + Level 5.0 Stealth
 + Level 2.8 Spellcasting
 + Level 4.0 Hexes


You had 6 spell levels left.
You didn't know any spells.
Your spell library contained the following spells:

 Spells                   Type           Power      Damage    Failure   Level
 Confusing Touch          Hex            15%        N/A       11%         3
 Tukima's Dance           Hex            15%        N/A       11%         3
 Ensorcelled Hibernation  Hex/Ice        16%        N/A       13%         2
 Dazzling Flash           Conj/Hex       16%        N/A       26%         3


Dungeon Overview and Level Annotations

Branches:
Dungeon (1/15)

Altars:


Innate Abilities, Weirdness & Mutations

You are very small and have problems with some larger weapons.
You are too small for most types of armour.
You have supernaturally acute eyesight. (SInv)
You cover ground extremely quickly. (Speed+++)


Message History

The ball python is severely wounded.
The ball python barely misses you. The ball python closely misses you.
You hit the ball python.
You kill the ball python!
The kobold hits you with a +0 short sword.
You barely miss the kobold. The kobold hits you but does no damage.
You hit the kobold.
The kobold is moderately wounded.
The kobold misses you.
Unknown command.
You hit the kobold but do no damage.
The kobold is moderately wounded.
The kobold hits you with a +0 short sword.
The giant cockroach misses you.
You hit the kobold but do no damage.
The kobold is moderately wounded.
The kobold closely misses you. The giant cockroach misses you.
You hit the kobold but do no damage.
The kobold is moderately wounded.
The giant cockroach misses you.
The kobold hits you with a +0 short sword.
Unknown command.
You are too injured to fight recklessly!
You closely miss the kobold.
The kobold is moderately wounded.
The giant cockroach closely misses you. The kobold misses you.
You hit the kobold.
You kill the kobold!
The giant cockroach bites you. The dart slug launches a dart at you.
The slug dart hits you but does no damage.
The giant cockroach bites you.
Things that are here:
a +0 short sword; a kobold corpse You closely miss the giant cockroach.
The giant cockroach closely misses you.
You hit the giant cockroach.
The giant cockroach is severely wounded.
The dart slug launches a dart at you. The slug dart hits you.
You die...

#########
#######.......##
#..............#
####...†..........#
.......@B........(######
........w..!............
........##........###...
.?......##........# #...
........##........# #...
.................## #...
.................# #...
...........###.### #...
###. #.# #...


You could see a dart slug and a giant cockroach.

Vanquished Creatures
  A bat (D:1)
  3 endoplasms (D:1)
  2 goblins (D:1)
  3 hobgoblins (D:1)
  A kobold (D:1)
  3 ball pythons (D:1)
  A rat (D:1)
14 creatures vanquished.

Notes
Turn   | Place    | Note
-------+----------+-------------------------------------------
     0 | D:1      | zeram the Spriggan Enchanter began the quest for the Orb.
     0 | D:1      | Reached XP level 1. HP: 9/9 MP: 5/5
   167 | D:1      | Reached XP level 2. HP: 13/13 MP: 6/6
   203 | D:1      | Reached skill level 5 in Stealth
   245 | D:1      | Killed from afar by a dart slug

Illustrated notes

Levels and vault maps discovered:
D:1:      dpeg_arrival_subterranean_lakeside_camping, layout_basic,
          roderic_serpentine_path

Skill      XL: |  1  2 |
---------------+-------+-----
Stealth        | 5 |  5.0
Hexes          | 4 |  4.0
Short Blades   | |  1.4
Dodging        | |  2.8
Spellcasting   | |  2.8

Action                   || total
-------------------------++-------
Melee: Dagger            ||    39
 Stab: Sleeping          ||     3
Armor: Robe              ||     7
Dodge: Dodged            ||    37
